 Dungeon Crawl Stone Soup version 0.23-a0-109-g5e4b187 (webtiles) character file.

44 Amnesiac the Gusty (level 3, -3/24 HPs)
             Began as a Mummy Air Elementalist on Aug 22, 2018.
             Slain by Edmund
             ... wielding a +0 flail of protection
              (11 damage)
             ... on level 6 of the Dungeon.
             The game lasted 00:03:54 (1167 turns).

Amnesiac the Gusty (Mummy Air Elementalist)         Turns: 1167, Time: 00:03:55

Health: -3/24      AC:  3    Str: 11    XL:     3   Next: 39%
Magic:  0/7        EV: 12    Int: 15    God:
Gold:   57         SH:  0    Dex: 12    Spells: 5/8 levels left

rFire    . . .     SeeInvis .   (no weapon)
rCold    + + .     Gourm    .   (no shield)
rNeg     + + +     Faith    .   b - +1 robe {rC+ rF+}
rPois    ∞         Spirit   .   (no helmet)
rElec    .         Reflect  .   (no cloak)
rCorr    .         Harm     .   (no gloves)
MR       .....                  (no boots)
Stlth    ++........             (no amulet)
HPRegen  0.08/turn              (no ring)
MPRegen  0.10/turn              (no ring)

@: very slightly contaminated
A: no food or potions, fire vulnerability, cold resistance 1, negative energy
resistance 3, torment resistance, unbreathing
a: no special abilities


You were on level 6 of the Dungeon.
You were not hungry.

You visited 1 branch of the dungeon, and saw 6 of its levels.

You collected 57 gold pieces.

Inventory:

Armour
 b - a +1 robe of resistance (worn)
Scrolls
 a - a scroll of random uselessness {!r, unknown}


   Skills:
 - Level 1.5 Dodging
 - Level 1.5 Stealth
 + Level 3.2 Spellcasting
 - Level 0.7 Conjurations
 - Level 3.4 Air Magic


You had 5 spell levels left.
You knew the following spells:

 Your Spells              Type           Power        Failure   Level  Hunger
a - Shock                 Conj/Air       #...         9%          1    N/A
z - Swiftness             Chrm/Air       #.......     14%         2    N/A

Your spell library contained the following spells:

 Spells                   Type           Power        Failure   Level  Hunger
 Static Discharge         Conj/Air       #.......     24%         3    N/A
 Airstrike                Air            ##........   43%         4    N/A
 Lightning Bolt           Conj/Air       #.........   92%         5    N/A

Dungeon Overview and Level Annotations

Branches:
Dungeon (6/15)             Temple (0/1) D:4

Altars:
Ashenzari
Okawaru
Yredelemnul
Zin
Lugonu

Annotations:
D:3 Natasha
D:6 Edmund


Innate Abilities, Weirdness & Mutations

You do not eat or drink.
Your flesh is vulnerable to fire.
You are immune to poison.
Your flesh is cold resistant. (rC+)
You are immune to negative energy. (rN+++)
You are immune to unholy pain and torment.
You can survive without breathing.


Message History

Press: ? - help, Shift-Dir - straight line, f/p - Edmund
Aim: Edmund, wielding a flail of protection and wearing a chain mail (lightly wounded)
The zap hits Edmund.
Edmund is lightly wounded.
The zap hits Edmund.
Edmund is lightly wounded.
Casting: Shock (safe; 9% risk of failure)
Confirm with . or Enter, or press ? or * to list all spells.
Aiming: Shock (safe; 9% risk of failure)
Press: ? - help, Shift-Dir - straight line, f/p - Edmund
Aim: Edmund, wielding a flail of protection and wearing a chain mail (lightly wounded)
The zap hits Edmund.
Edmund is lightly wounded.
The zap hits Edmund.
Edmund appears unharmed.
Edmund is lightly wounded.
Edmund closely misses you.
Casting: Shock (safe; 9% risk of failure)
Confirm with . or Enter, or press ? or * to list all spells.
Aiming: Shock (safe; 9% risk of failure)
Press: ? - help, Shift-Dir - straight line, f/p - Edmund
Aim: Edmund, wielding a flail of protection and wearing a chain mail (lightly wounded)
The zap hits Edmund.
Edmund appears unharmed.
Edmund is lightly wounded.
The zap hits Edmund.
Edmund is moderately wounded.
Edmund hits you with a flail of protection!
Casting: Shock (safe; 9% risk of failure)
Confirm with . or Enter, or press ? or * to list all spells.
Aiming: Shock (safe; 9% risk of failure)
Press: ? - help, Shift-Dir - straight line, f/p - Edmund
Aim: Edmund, wielding a flail of protection and wearing a chain mail (moderately wounded)
The zap hits Edmund.
Edmund appears unharmed.
Edmund is moderately wounded.
The zap hits Edmund.
Edmund is moderately wounded.
Edmund hits you with a flail of protection!
* * * LOW HITPOINT WARNING * * *
Casting: Shock (safe; 9% risk of failure)
Confirm with . or Enter, or press ? or * to list all spells.
Aiming: Shock (safe; 9% risk of failure)
Press: ? - help, Shift-Dir - straight line, f/p - Edmund
Aim: Edmund, wielding a flail of protection and wearing a chain mail (moderately wounded)
You miscast Shock.
You are very lightly contaminated with residual magic.
Nothing appears to happen.
Casting: Shock (safe; 9% risk of failure)
Confirm with . or Enter, or press ? or * to list all spells.
Aiming: Shock (safe; 9% risk of failure)
Press: ? - help, Shift-Dir - straight line, f/p - Edmund
Aim: Edmund, wielding a flail of protection and wearing a chain mail (moderately wounded)
The zap hits Edmund.
Edmund is moderately wounded.
The zap hits Edmund.
Edmund appears unharmed.
Edmund is moderately wounded.
Edmund barely misses you.
Casting: Shock (safe; 9% risk of failure)
Confirm with . or Enter, or press ? or * to list all spells.
Aiming: Shock (safe; 9% risk of failure)
Press: ? - help, Shift-Dir - straight line, f/p - Edmund
Aim: Edmund, wielding a flail of protection and wearing a chain mail (moderately wounded)
The zap misses Edmund.
The zap hits Edmund.
Edmund appears unharmed.
Edmund is moderately wounded.
Edmund hits you with a flail of protection!
You die...

... ### .... #.. ....
#.# ..... #
#.####.....
#.######..$.......
####.#<.....#........
..............@.......
....#....#.#.#@##.....
###..###.#.#.#.# ###
..............#
...........#####
...........#
#.###..#.#.# ##.#....
#.######


You could see Edmund.

Vanquished Creatures
  An iguana (D:4)
  An adder (D:5)
  A dart slug (D:4)
  An orc (D:5)
  2 giant cockroaches
  A jackal (D:5)
  A leopard gecko skeleton (D:4)
8 creatures vanquished.

Vanquished Creatures (others)
  9 toadstools (D:3)
9 creatures vanquished.

Grand Total: 17 creatures vanquished

Notes
Turn   | Place    | Note
-------+----------+-------------------------------------------
     0 | D:1      | Amnesiac the Mummy Air Elementalist began the quest for the Orb.
     0 | D:1      | Reached XP level 1. HP: 13/13 MP: 4/4
   281 | D:4      | Noticed an iguana
   323 | D:4      | Killed an iguana
   323 | D:4      | Reached XP level 2. HP: 10/19 MP: 0/5
   323 | D:4      | Reached XP level 3. HP: 12/24 MP: 0/7
   327 | D:4      | Learned a level 2 spell: Swiftness
   350 | D:4      | Noticed Edmund
   493 | D:4      | Found a staircase to the Ecumenical Temple.
   554 | D:3      | Noticed Natasha
   602 | D:4      | Found a glowing silver altar of Zin.
   602 | D:4      | Found a basalt altar of Yredelemnul.
   607 | D:4      | Found a shattered altar of Ashenzari.
   609 | D:4      | Found a faded altar of an unknown god.
   611 | D:4      | Found an iron altar of Okawaru.
   627 | D:4      | Became a worshipper of Lugonu the Unformed
   627 | D:4      | Reached * piety under Lugonu
   627 | D:4      | Reached ** piety under Lugonu
   713 | D:4      | Fell from the grace of Lugonu
   873 | D:5      | Entered Level 5 of the Dungeon
   876 | D:5      | Noticed a phantom
  1167 | D:6      | Slain by Edmund

Vault maps used:
D:1:      tarquinn_simple_flora_water_e, st_stairs_1
D:3:      cheibrodos_fertilizer, nrook_loot_triangle, st_stairs_10, uniq_natasha
D:4:      chequers_temple_overflow_minitemple, minmay_temple_entry_trees,
          uniq_edmund
D:5:      vehumet_altar_wand_db, first_ration, uniq_blork_the_orc

Skill      XL: |  1  2  3 |
---------------+----------+-----
Air Magic      | 3 |  3.4
Spellcasting   | 3 |  3.2
Dodging        | |  1.5
Stealth        | |  1.5
Conjurations   | |  0.7

Action                   || total
-------------------------++-------
Melee: Unarmed           ||     1
 Cast: Shock             ||    34
Invok: Renounce Religion ||     1
  Use: Scroll            ||     2
Armor: Robe              ||     9
Dodge: Dodged            ||    27

Table legend:
 A = Non-vault XP
 B = Vault XP
 C = Vault XP percentage of total XP
 D = Non-vault monster count
 E = Vault monster count
 F = Vault count percentage of total count
                 A         B        C        D         E       F
            +---------+---------+-------+---------+---------+-------
      Total |      63 |       0 |   0.0 |       8 |       0 |   0.0
            +---------+---------+-------+---------+---------+-------
        D:3 |       2 |       0 |   0.0 |       1 |       0 |   0.0
        D:4 |      43 |       0 |   0.0 |       4 |       0 |   0.0
        D:5 |      18 |       0 |   0.0 |       3 |       0 |   0.0
            +---------+---------+-------+---------+---------+-------
